Map: 勒瑞萊克山巔

Players

Nice - Winner!

  • Race: Protoss Protoss
  • League: Grandmaster

Rose (Python)

  • Race: Zerg Zerg
  • League: Grandmaster

Event: 2016 WCS Winter Challenger Taiwan

VOD

Have the link to the VOD?

Description

Time

  • Played on: Jan. 16, 2016, 5:04 a.m.
  • Length: 10:27

All games in this series

Show
View Real Time Build Order
Export as new Build Order

Nice Protoss - Winner!

Build Orders: Oracle Opening, Mass Adepts 

Get SALT Encoding   

  12  0:01  Probe (Chrono Boost)  
  13  0:11  Probe (Chrono Boost)  
  14  0:21  Pylon  
  14  0:22  Probe (Chrono Boost)  
  15  0:39  Probe (Chrono Boost), Gateway  
  16  0:50  Probe (Chrono Boost)  
  16  0:51  Assimilator  
  16  0:55  Assimilator  
  17  1:00  Probe (Chrono Boost)  
  19  1:11  Probe (Chrono Boost)  
  19  1:14  Gateway  
  19  1:22  Probe (Chrono Boost)  
  20  1:29  Cybernetics Core  
  20  1:32  Probe (Chrono Boost)  
  21  1:43  Probe (Chrono Boost)  
  21  1:46  Pylon  
  22  1:53  Probe (Chrono Boost)  
  23  2:05  Adept (Chrono Boost)  
  23  2:06  Mothership Core  
  23  2:07  Warp Gate  
  29  2:09  Adept (Chrono Boost)  
  29  2:14  Pylon  
  31  2:33  Adept x2 (Chrono Boost)  
  33  2:48  Stargate  
  33  2:56  Adept (Chrono Boost)  
  37  3:00  Adept (Chrono Boost)  
  37  3:14  Nexus  
  37  3:20  Pylon  
  37  3:25  Probe  
  38  3:44  Gateway  
  38  3:46  Pylon  
  38  3:48  Oracle (Chrono Boost)  
  39  3:57  Probe  
  38  4:09  Probe (Chrono Boost)  
  38  4:21  Probe (Chrono Boost)  
  38  4:23  Adept  
  41  4:25  Adept  
  41  4:27  Probe (Chrono Boost)  
  45  4:31  Probe (Chrono Boost)  
  45  4:36  Oracle (Chrono Boost)  
  45  4:37  Probe (Chrono Boost)  
  49  4:43  Probe  
  50  4:47  Probe  
  50  4:49  Adept  
  53  4:56  Adept  
  53  4:58  Adept  
  57  5:00  Probe  
  57  5:04  Probe  
  59  5:12  Probe  
  60  5:14  Probe  
  60  5:19  Robotics Facility  
  61  5:25  Probe x2  
  63  5:37  Probe  
  63  5:40  Adept x3  
  70  5:51  Probe  
  70  5:53  Probe  
  70  5:54  Assimilator  
  70  5:55  Pylon  
  62  6:00  Pylon  
  62  6:01  Probe  
  59  6:05  Probe  
  60  6:12  Probe  
  60  6:17  Probe  
  60  6:19  Robotics Bay, Assimilator  
  60  6:23  Probe  
  59  6:30  Warp Prism (Chrono Boost)  
  55  6:44  Stalker x2  
  55  6:45  Pylon, Stalker  
  55  6:46  Pylon  
  61  6:48  Pylon  
  61  6:58  Gateway  
  61  7:00  Gateway  
  61  7:03  Gateway  
  61  7:08  Gravitic Drive, Disruptor (Chrono Boost)  
  64  7:09  Sentry x2  
  64  7:13  Sentry  
  70  7:23  Void Ray  
  74  7:36  Sentry  
  76  7:38  Pylon  
  76  7:41  Pylon  
  76  7:46  Pylon  
  76  7:51  Disruptor (Chrono Boost)  
  76  7:57  Gateway  
  79  7:58  Gateway  
  79  8:01  Adept x4  
  84  8:16  Stalker x2  
  88  8:24  Nexus  
  88  8:27  Pylon  
  88  8:29  Pylon  
  88  8:42  Colossus (Chrono Boost)  
  88  8:47  Twilight Council  
  94  8:51  Probe  
  94  8:53  Probe  
  94  8:54  Pylon  
  96  9:06  Probe  
  96  9:07  Adept  
  96  9:08  Adept  
  96  9:09  Adept  
  103  9:11  Zealot  
  103  9:14  Sentry  
  107  9:19  Adept  
  107  9:31  Observer  
  108  9:38  Pylon  
  108  9:43  Stalker x2, Sentry  
  114  9:49  Disruptor  
  114  9:58  Probe x2  
  114  9:59  Probe  
  119  10:04  Stalker x2  
Show
View Real Time Build Order
Export as new Build Order

Rose Zerg 

Build Orders: Hatch First 

Get SALT Encoding   

  12  0:00  Drone  
  13  0:08  Drone  
  14  0:16  Overlord  
  14  0:21  Extractor  
  14  0:23  Drone  
  15  0:35  Drone x2  
  17  0:54  Hatchery  
  17  0:56  Drone  
  17  1:10  Spawning Pool  
  16  1:12  Extractor  
  16  1:14  Drone  
  16  1:17  Drone  
  17  1:21  Drone  
  18  1:26  Drone  
  19  1:37  Overlord  
  19  1:56  Queen  
  19  1:57  Zergling x2  
  22  2:06  Queen  
  22  2:07  Drone  
  25  2:09  Drone  
  25  2:14  Metabolic Boost  
  25  2:15  Zergling x2  
  27  2:19  Zergling x2  
  28  2:23  Zergling x2  
  29  2:31  Zergling x4  
  31  2:40  Zergling x2  
  31  2:43  Overlord  
  32  2:56  Queen  
  32  2:57  Hatchery  
  33  3:07  Zergling x2  
  33  3:08  Zergling x8  
  33  3:10  Zergling x2  
  40  3:12  Zergling x2  
  40  3:18  Overlord  
  40  3:23  Drone x2  
  41  3:39  Drone  
  41  3:40  Drone x3  
  43  3:46  Drone  
  43  3:52  Overlord, Drone x2  
  43  3:53  Drone  
  46  3:58  Drone  
  44  4:03  Drone  
  44  4:09  Drone x2  
  44  4:11  Drone  
  44  4:15  Spore Crawler x2  
  43  4:19  Drone x2  
  43  4:29  Drone x2  
  43  4:30  Extractor  
  44  4:33  Extractor  
  44  4:34  Spore Crawler  
  44  4:36  Drone  
  43  4:47  Drone x3  
  43  4:48  Drone x2  
  48  4:53  Extractor, Spore Crawler  
  48  4:54  Drone x2  
  48  4:57  Queen  
  51  5:02  Drone x5  
  56  5:07  Lair  
  56  5:15  Zergling x8  
  56  5:16  Zergling x4  
  61  5:25  Roach Warren  
  61  5:27  Spine Crawler, Zergling x10  
  49  5:39  Zergling x8  
  45  5:56  Zergling x8  
  32  6:04  Drone  
  32  6:05  Drone  
  30  6:19  Drone x2  
  30  6:20  Drone  
  29  6:34  Drone  
  29  6:35  Drone x6  
  36  6:40  Drone x2  
  36  6:44  Drone  
  36  6:46  Drone  
  36  6:47  Drone  
  41  6:52  Drone x2  
  41  6:53  Drone  
  44  6:56  Drone x2  
  46  7:04  Drone x4  
  46  7:08  Glial Reconstitution  
  50  7:10  Drone x2  
  52  7:16  Queen  
  52  7:17  Queen  
  55  7:27  Roach x3  
  58  7:30  Roach x2  
  58  7:35  Roach  
  64  7:40  Overlord  
  64  7:42  Roach  
  65  7:44  Zergling x2  
  65  7:50  Overlord  
  66  7:51  Overlord  
  66  7:57  Overlord  
  66  8:08  Queen  
  68  8:13  Ravager x3  
  68  8:14  Ravager  
  68  8:15  Zergling x12  
  68  8:18  Queen  
  80  8:34  Drone x3  
  80  8:35  Drone  
  80  8:36  Roach x3  
  80  8:38  Overlord x3  
  89  8:41  Extractor  
  89  8:43  Ravager  
  89  8:54  Overlord  
  89  8:56  Overlord  
  89  9:02  Roach  
  88  9:03  Roach x4  
  81  9:11  Roach  
  81  9:12  Roach x4  
  91  9:23  Roach x5  
  93  9:26  Ravager x3  
  93  9:29  Roach  
  93  9:30  Roach  
  98  9:35  Roach x2  
  98  9:36  Roach  
  104  9:42  Ravager  
  104  9:43  Zergling x2  
  106  9:49  Roach  
  106  9:50  Roach  
  110  9:53  Ravager  
  110  9:54  Zergling x8  
  115  10:03  Zergling x2, Roach  
  115  10:04  Zergling x2, Roach x2  
Tags
 
Add a new tag
Caveats
  • Supply blocks, unpowered buildings, or Contaminate may cause inaccurate times.
  • Supply counts are checked every 10 seconds.